[Event "Titled Tuesday Blitz May 03 Early 2022"]
[White "Richter, Nils"]
[Black "Shyaamnikhil P"]
[WhiteFideId "12990809"]
[BlackFideId "5024218"]
[WhiteElo "2557"]
[BlackElo "2720"]
[Result "1-0"]
[Round "07"]
[TimeControl "180+1"]
[Date "2022.05.03"]
[WhiteClock "0:01:46"]
[BlackClock "0:01:16"]

1. d4 Nf6 2. Nf3 e6 3. c4 d5 4. e3 a6 5. b3 Bb4+ 6. Nbd2 c5 7. dxc5 Bxc5 8. Bb2 Nc6 9. Be2 d4 10. exd4 Nxd4 11. Nxd4 Bxd4 12. Bxd4 Qxd4 13. Nf3 Qc3+ 14. Nd2 O-O 15. Rc1 Qa5 16. Qc2 Rd8 17. Rd1 e5 18. O-O Bf5 19. Qxf5 Rxd2 20. Rxd2 Qxd2 21. Bf3 Qxa2 22. Bxb7 Rb8 23. h3 a5 24. Bf3 Qxb3 25. Qxe5 Qxc4 26. Qxb8+ 1-0


[Site "https://www.chess.com"]

[Event "Titled Tuesday Blitz May 03 Early 2022"]
[White "Rodchenkov, Sergey D."]
[Black "Barria Zuniga, Daniel"]
[WhiteFideId "4168712"]
[BlackFideId "3400816"]
[WhiteElo "2306"]
[BlackElo "2414"]
[Result "0-1"]
[Round "07"]
[TimeControl "180+1"]
[Date "2022.05.03"]
[WhiteClock "0:02:00"]
[BlackClock "0:02:16"]

1. e4 e6 2. d4 d5 3. Nc3 Bb4 4. e5 Ne7 5. a3 Bxc3+ 6. bxc3 c5 7. Qg4 O-O 8. Bd3 Nd7 9. Qh5 f5 10. Qd1 Qa5 11. Bd2 Qa4 12. Nf3 h6 13. h4 b6 14. h5 Ba6 15. O-O Rac8 16. Qe2 c4 0-1


[Site "https://www.chess.com"]

[Event "Titled Tuesday Blitz May 03 Early 2022"]
[White "Rom, Jasper"]
[Black "Turutin, Alexander"]
[WhiteFideId "2023733"]
[BlackFideId "4180623"]
[WhiteElo "2233"]
[BlackElo "2402"]
[Result "1-0"]
[Round "07"]
[TimeControl "180+1"]
[Date "2022.05.03"]
[WhiteClock "0:02:38"]
[BlackClock "0:00:44"]

1. e4 c6 2. d4 d5 3. Nd2 dxe4 4. Nxe4 Bf5 5. Ng3 Bg6 6. h4 h6 7. Nh3 e6 8. Nf4 Bh7 9. Bc4 Nf6 10. O-O Nd5 11. Bxd5 cxd5 12. Qh5 Qd7 13. Re1 Be7 14. Nxe6 g6 15. Qe5 1-0


[Site "https://www.chess.com"]

[Event "Titled Tuesday Blitz May 03 Early 2022"]
[White "Sailer, Mike"]
[Black "Buscar, Michael"]
[WhiteFideId "2012901"]
[BlackFideId "2603616"]
[WhiteElo "2109"]
[BlackElo "2010"]
[Result "0-1"]
[Round "07"]
[TimeControl "180+1"]
[Date "2022.05.03"]
[WhiteClock "0:00:02"]
[BlackClock "0:01:12"]

1. d4 Nf6 2. Nf3 g6 3. Bf4 Bg7 4. e3 O-O 5. Be2 d6 6. O-O Nbd7 7. h3 c5 8. c3 cxd4 9. exd4 Re8 10. Nbd2 e5 11. Bh2 e4 12. Ne1 d5 13. Nc2 Nf8 14. c4 dxc4 15. Nxc4 Be6 16. N2e3 Re7 17. Ne5 Qa5 18. a3 Rd8 19. b4 Qb6 20. Nc2 Bb3 21. Bc4 Bxc2 22. Qxc2 Rxd4 23. Nxf7 Rxf7 24. Bxf7+ Kxf7 25. Be5 Rd5 26. Qb3 Qe6 27. Bb2 Rd3 28. Qa4 a6 29. Qa5 N8d7 30. Rae1 Qb6 31. Qg5 Qd6 32. Re2 Qd5 33. Qg3 Rxg3 0-1


[Site "https://www.chess.com"]

[Event "Titled Tuesday Blitz May 03 Early 2022"]
[White "Saldano Dayer, Horacio"]
[Black "Liyanage, Ranindu Dilshan"]
[WhiteFideId "103411"]
[BlackFideId "9915834"]
[WhiteElo "2419"]
[BlackElo "1858"]
[Result "1-0"]
[Round "07"]
[TimeControl "180+1"]
[Date "2022.05.03"]
[WhiteClock "0:00:08"]
[BlackClock "0:00:31"]

1. d4 Nf6 2. Bg5 d5 3. e3 Nbd7 4. Nf3 e6 5. c4 c5 6. Nc3 h6 7. Bh4 g5 8. Bg3 cxd4 9. exd4 Bg7 10. Bd6 Ne4 11. Nxe4 dxe4 12. Ne5 Qb6 13. c5 Qxb2 14. Rb1 Qxa2 15. Bc4 Qa5+ 16. Kf1 Bf8 17. Nxf7 Kxf7 18. Qh5+ Kf6 19. Qe8 Nb6 20. Be5+ Kf5 21. Qf7+ Kg4 22. Be2+ Kh4 23. Qh5# 1-0


[Site "https://www.chess.com"]

[Event "Titled Tuesday Blitz May 03 Early 2022"]
[White "Samadov, Read"]
[Black "Camacho Collados, Jose"]
[WhiteFideId "13417444"]
[BlackFideId "2265427"]
[WhiteElo "2734"]
[BlackElo "2566"]
[Result "1-0"]
[Round "07"]
[TimeControl "180+1"]
[Date "2022.05.03"]
[WhiteClock "0:00:16"]
[BlackClock "0:00:06"]

1. d4 Nf6 2. c4 e6 3. Nf3 Bb4+ 4. Nbd2 O-O 5. a3 Bxd2+ 6. Qxd2 d5 7. e3 b6 8. b3 Bb7 9. Bb2 Nbd7 10. cxd5 exd5 11. Be2 Ne4 12. Qc2 Ndf6 13. O-O Rc8 14. Ne5 c5 15. dxc5 bxc5 16. Rad1 Qe7 17. Qb1 Rfe8 18. Qa1 h5 19. Bf3 Ba6 20. Rfe1 c4 21. bxc4 dxc4 22. Bxe4 Nxe4 23. Bd4 c3 24. f3 c2 25. Rc1 Nd2 26. Qa2 Qe6 27. Rxc2 Nb3 28. Rxc8 Rxc8 29. Qf2 f6 30. Ng6 Re8 31. Rd1 Nxd4 32. exd4 Qf5 33. Nh4 Qa5 34. d5 Qxa3 35. d6 Qa4 36. Rc1 Re2 37. Qg3 Qd4+ 38. Kh1 Qd2 39. Rg1 Re6 40. Nf5 Qg5 41. Qxg5 fxg5 42. d7 Kh7 43. d8=Q 1-0


[Site "https://www.chess.com"]

[Event "Titled Tuesday Blitz May 03 Early 2022"]
[White "Samant Aditya S"]
[Black "Hirneise, Jens"]
[WhiteFideId "35080580"]
[BlackFideId "24614734"]
[WhiteElo "1916"]
[BlackElo "2359"]
[Result "1-0"]
[Round "07"]
[TimeControl "180+1"]
[Date "2022.05.03"]
[WhiteClock "0:00:03"]
[BlackClock "0:00:02"]

1. e4 g6 2. d4 Bg7 3. Nc3 c6 4. Nf3 d5 5. h3 dxe4 6. Nxe4 Nf6 7. Nxf6+ exf6 8. Bc4 O-O 9. O-O Nd7 10. c3 Nb6 11. Bb3 Re8 12. Bf4 Be6 13. Re1 Qd7 14. Bh2 a5 15. Bxe6 Rxe6 16. Qb3 Rxe1+ 17. Rxe1 Nc8 18. Qc4 b5 19. Qe2 Bf8 20. Qe8 Nb6 21. Qxd7 Nxd7 22. Kf1 a4 23. Ke2 f5 24. Kd3 c5 25. Ne5 c4+ 26. Kc2 Nf6 27. Nc6 a3 28. b3 cxb3+ 29. Kxb3 Ne4 30. f3 Nd2+ 31. Kc2 Nc4 32. Bf4 h6 33. h4 Kg7 34. Kb3 Kf6 35. Ne5 Na5+ 36. Kc2 Rd8 37. g4 g5 38. hxg5+ hxg5 39. Bc1 f4 40. Rh1 Nc4 41. Nxc4 bxc4 42. Re1 Bd6 43. Re4 Rh8 44. d5 Rh3 45. Rxc4 Rxf3 46. Rc6 Ke5 47. c4 Rf2+ 48. Kd3 Rxa2 49. Bd2 1-0


[Site "https://www.chess.com"]

[Event "Titled Tuesday Blitz May 03 Early 2022"]
[White "Samarth, J Rao"]
[Black "Mikhalsky, Vladimir"]
[WhiteFideId "46652370"]
[BlackFideId "14144352"]
[WhiteElo "1514"]
[BlackElo "2301"]
[Result "0-1"]
[Round "07"]
[TimeControl "180+1"]
[Date "2022.05.03"]
[WhiteClock "0:01:13"]
[BlackClock "0:00:54"]

1. d4 Nf6 2. c4 g6 3. Nc3 Bg7 4. e4 O-O 5. f4 d6 6. Nf3 c5 7. d5 e6 8. Be2 b5 9. cxb5 exd5 10. exd5 a6 11. b6 Re8 12. O-O Qxb6 13. h3 Bf5 14. g4 Be4 15. Nxe4 Nxe4 16. Kg2 Nd7 17. Qc2 Ndf6 18. Bd3 c4 19. Bxc4 Rac8 20. Qb3 Qa7 21. Be3 Nc5 22. Bxc5 Qxc5 23. Rac1 Rb8 24. Qc2 Nxg4 0-1


[Site "https://www.chess.com"]

[Event "Titled Tuesday Blitz May 03 Early 2022"]
[White "Sargsyan, Anna M."]
[Black "Hamley, Ryan"]
[WhiteFideId "13308130"]
[BlackFideId "30959497"]
[WhiteElo "2271"]
[BlackElo "2489"]
[Result "0-1"]
[Round "07"]
[TimeControl "180+1"]
[Date "2022.05.03"]
[WhiteClock "0:01:55"]
[BlackClock "0:02:04"]

1. d4 Nf6 2. c4 g6 3. g3 Bg7 4. Bg2 O-O 5. Nc3 d6 6. Nf3 Nc6 7. O-O e5 8. dxe5 dxe5 9. Bg5 Be6 10. Nd2 h6 11. Bxf6 Qxf6 12. Nd5 Qd8 13. Rc1 Ne7 14. Nb3 c6 15. Nxe7+ Qxe7 16. e4 Rfd8 17. Qe2 Rd7 18. Qe3 a5 19. Nc5 Rd4 20. Nxe6 Qxe6 21. b3 Rad8 22. Qc3 a4 23. bxa4 Bf8 24. Qb3 R8d7 25. Rfe1 Bc5 26. Re2 Rd3 27. Qb1 Rd2 28. Bf3 Rxe2 29. Bxe2 Rd2 30. Re1 Qf6 0-1


[Site "https://www.chess.com"]

[Event "Titled Tuesday Blitz May 03 Early 2022"]
[White "Seo, Jung Min"]
[Black "Nozdrachev, Leonid"]
[WhiteFideId "1734687"]
[BlackFideId "24113433"]
[WhiteElo "2401"]
[BlackElo "2242"]
[Result "1-0"]
[Round "07"]
[TimeControl "180+1"]
[Date "2022.05.03"]
[WhiteClock "0:01:01"]
[BlackClock "0:00:14"]

1. e4 d6 2. d4 Nf6 3. Nc3 e5 4. dxe5 dxe5 5. Qxd8+ Kxd8 6. Nf3 Bd6 7. Bc4 Be6 8. Bxe6 fxe6 9. Be3 Ke7 10. a4 a6 11. Ke2 Nc6 12. h3 Bb4 13. Nd2 Bxc3 14. bxc3 Na5 15. Rab1 b6 16. f3 Nh5 17. Rhd1 Rhd8 18. h4 Rd7 19. Bg5+ Kf7 20. Nc4 Ng3+ 21. Kf2 Rxd1 22. Nxe5+ Ke8 23. Rxd1 Nh5 24. g4 Nf6 25. h5 h6 26. Bf4 Ke7 27. Ng6+ Ke8 28. Bxc7 Nc4 29. Ne5 Nb2 30. Rd6 Nxa4 31. Rxe6+ Kf8 32. Bxb6 Nxc3 33. Ba5 Nb5 34. c4 Nd4 35. Rd6 Nb3 36. Bb4 Kg8 37. Rd3 Nc1 38. Ra3 a5 39. Bd2 Rf8 40. Bxc1 Nxe4+ 41. Ke3 Nd6 42. Rxa5 Re8 43. Kd3 Rd8 44. Rd5 Re8 45. Rxd6 Rxe5 46. Be3 1-0


[Site "https://www.chess.com"]

[Event "Titled Tuesday Blitz May 03 Early 2022"]
[White "Shimanov, Aleksandr"]
[Black "Skliarov, Viktor"]
[WhiteFideId "4198603"]
[BlackFideId "14106736"]
[WhiteElo "2636"]
[BlackElo "2229"]
[Result "1-0"]
[Round "07"]
[TimeControl "180+1"]
[Date "2022.05.03"]
[WhiteClock "0:01:50"]
[BlackClock "0:01:28"]

1. d4 Nf6 2. Nc3 d5 3. Bf4 a6 4. e3 c5 5. dxc5 Nc6 6. Nf3 e6 7. Na4 Bxc5 8. Nxc5 Qa5+ 9. c3 Qxc5 10. Bd3 O-O 11. O-O b5 12. Ne5 Bb7 13. Qf3 Nxe5 14. Bxe5 Ne4 15. Bxe4 dxe4 16. Qg3 f6 17. Bd6 Qb6 18. Bxf8 Rxf8 19. Rfd1 Bd5 20. b3 Rc8 21. Rac1 Qa5 22. c4 bxc4 23. bxc4 Rxc4 24. Rxc4 Bxc4 25. Qb8+ Kf7 26. Qb7+ 1-0


[Site "https://www.chess.com"]

[Event "Titled Tuesday Blitz May 03 Early 2022"]
[White "Shohat, Yotam"]
[Black "Ezat, Mohamed"]
[WhiteFideId "2813955"]
[BlackFideId "10600906"]
[WhiteElo "2119"]
[BlackElo "2386"]
[Result "0-1"]
[Round "07"]
[TimeControl "180+1"]
[Date "2022.05.03"]
[WhiteClock "0:00:01"]
[BlackClock "0:01:05"]

1. e4 c6 2. d4 d5 3. exd5 cxd5 4. c4 Nf6 5. Nc3 g6 6. cxd5 Bg7 7. Bc4 O-O 8. Bb3 Na6 9. Nge2 Nc7 10. Nf4 b6 11. O-O Bb7 12. Re1 Ncxd5 13. Nfxd5 Nxd5 14. Bg5 Nf6 15. d5 a6 16. a4 b5 17. axb5 axb5 18. Rxa8 Qxa8 19. Nxb5 Bxd5 20. h3 Bxg2 21. Nc7 Qb7 22. Bxf6 Bxh3 23. Nd5 exf6 24. Re7 Qb8 25. Qf3 Be6 26. Bc4 Qxb2 27. Qe4 f5 28. Qe3 Bd4 29. Qf3 Qc1+ 0-1


[Site "https://www.chess.com"]

[Event "Titled Tuesday Blitz May 03 Early 2022"]
[White "Shtyka, Sergey"]
[Black "Bommini, Mounika Akshaya"]
[WhiteFideId "4138465"]
[BlackFideId "25019872"]
[WhiteElo "2014"]
[BlackElo "1671"]
[Result "0-1"]
[Round "07"]
[TimeControl "180+1"]
[Date "2022.05.03"]
[WhiteClock "0:00:06"]
[BlackClock "0:00:08"]

1. e4 e5 2. Nf3 Nc6 3. Nc3 Nf6 4. Bb5 Bb4 5. O-O O-O 6. d3 a6 7. Bxc6 dxc6 8. Bg5 Bxc3 9. bxc3 Qe7 10. h3 h6 11. Bh4 c5 12. a4 b6 13. c4 Bd7 14. a5 Bc6 15. Qd2 Qe6 16. Bxf6 Qxf6 17. Rfb1 Bd7 18. Qc3 Rfe8 19. Nd2 Qg6 20. Kf1 Re6 21. Nf3 Qh5 22. Ke2 Qg6 23. g4 Qf6 24. Qd2 Qe7 25. h4 Rf6 26. g5 Rf4 27. Rg1 Bg4 28. Rg3 hxg5 29. hxg5 Qxg5 30. Qe3 Qh5 31. axb6 cxb6 32. Rb1 Rb8 33. Rbg1 Rc8 34. R1g2 Rc6 35. Kd2 Rxf3 36. Rxf3 Bxf3 37. Rg5 Qh6 38. Rxe5 Qxe3+ 39. Kxe3 Bg4 40. Re8+ Kh7 41. f3 Be6 42. Rb8 Kg6 43. f4 Kf6 44. Rb7 Bc8 45. Rb8 Ke7 46. f5 Kd7 47. Ra8 Kc7 48. e5 Kb7 49. Rxc8 Kxc8 50. Ke4 Kd7 51. Kd5 g6 52. f6 Re6 53. c3 a5 54. d4 cxd4 55. cxd4 a4 56. c5 bxc5 57. dxc5 a3 0-1


[Site "https://www.chess.com"]

[Event "Titled Tuesday Blitz May 03 Early 2022"]
[White "Shuvalov, Evgenij"]
[Black "Rustemov, Alexander"]
[WhiteFideId "4187237"]
[BlackFideId "4119002"]
[WhiteElo "2130"]
[BlackElo "2712"]
[Result "0-1"]
[Round "07"]
[TimeControl "180+1"]
[Date "2022.05.03"]
[WhiteClock "0:00:01"]
[BlackClock "0:00:05"]

1. Nf3 c5 2. c4 g6 3. d4 Bg7 4. d5 f5 5. g3 d6 6. Bg2 Nf6 7. Nc3 O-O 8. O-O Na6 9. Rb1 Nc7 10. b3 a6 11. Bb2 b5 12. Nd2 Rb8 13. Qc2 e5 14. dxe6 Bxe6 15. cxb5 axb5 16. Rbd1 Qe7 17. Rfe1 d5 18. e3 Rfc8 19. Nf3 b4 20. Na4 Nb5 21. Be5 Rb7 22. Qb2 Ne4 23. Bxg7 Qxg7 24. Qxg7+ Kxg7 25. Rc1 Nbc3 26. Nxc3 Nxc3 27. a3 Ne4 28. axb4 Rxb4 29. Ra1 Rc7 30. Ra6 Bg8 31. Rea1 Rxb3 32. Ra7 Rb1+ 33. Rxb1 Rxa7 34. Ne5 Ra2 35. Bxe4 fxe4 36. Rb7+ Kh6 37. Ng4+ Kg5 38. h3 h5 39. Ne5 Kf5 40. Nd7 c4 41. Rb6 Be6 42. Nf8 Bf7 43. Nd7 Be6 44. Nf8 c3 45. Rc6 Bf7 46. Nd7 Be6 47. Nf8 c2 48. Kg2 Bf7 49. Nd7 Be6 50. Nf8 Ra6 51. Rxc2 Bf7 52. Nd7 Rd6 53. Nc5 d4 54. exd4 Rxd4 55. Re2 Bd5 56. Re3 Rc4 57. Nb3 g5 58. Nd2 Rd4 59. Nf1 Rd1 0-1


[Site "https://www.chess.com"]

[Event "Titled Tuesday Blitz May 03 Early 2022"]
[White "Simonovic, Miroslav"]
[Black "Hoffmann, Asa"]
[WhiteFideId "919152"]
[BlackFideId "2001470"]
[WhiteElo "2043"]
[BlackElo "2117"]
[Result "1-0"]
[Round "07"]
[TimeControl "180+1"]
[Date "2022.05.03"]
[WhiteClock "0:00:07"]
[BlackClock "0:00:03"]

1. d4 Nf6 2. Bg5 e6 3. e4 d6 4. f4 Be7 5. Bxf6 Bxf6 6. e5 Be7 7. Qg4 g6 8. Bd3 c5 9. dxc5 dxe5 10. fxe5 Nc6 11. Nf3 Bxc5 12. Nc3 Be3 13. Ne4 O-O 14. Nf6+ Kg7 15. Nh5+ Kh8 16. Qe4 Bh6 17. Nf6 Ne7 18. g4 Nd5 19. g5 Bg7 20. O-O-O Bd7 21. Bc4 Bc6 22. Bxd5 Bxd5 23. Nxd5 exd5 24. Rxd5 Qb6 25. h4 Rfe8 26. h5 gxh5 27. Rxh5 Qg6 28. Qh4 Rac8 29. Rd2 Bxe5 30. Nxe5 Rxe5 31. Rh2 Rec5 32. Rxh7+ Kg8 33. Rh8+ Kg7 34. Qd4+ 1-0


[Site "https://www.chess.com"]

[Event "Titled Tuesday Blitz May 03 Early 2022"]
[White "Sjugirov, Sanan"]
[Black "Vignesh, N R"]
[WhiteFideId "4189302"]
[BlackFideId "25012215"]
[WhiteElo "2602"]
[BlackElo "2363"]
[Result "1-0"]
[Round "07"]
[TimeControl "180+1"]
[Date "2022.05.03"]
[WhiteClock "0:00:08"]
[BlackClock "0:00:17"]

1. e4 e5 2. Nf3 Nc6 3. Bc4 Nf6 4. d3 Bc5 5. c3 d6 6. Nbd2 a6 7. h3 h6 8. Bb3 O-O 9. Nf1 d5 10. Qe2 Be6 11. g4 dxe4 12. dxe4 Bxb3 13. axb3 Qd6 14. Ng3 Rad8 15. g5 hxg5 16. Bxg5 a5 17. Rg1 Ne7 18. Nh4 Ng6 19. Ngf5 Qc6 20. Bxf6 Qxf6 21. Rg4 Nf4 22. Qc4 g6 23. Nxg6 Nxg6 24. Qxc5 Rd7 25. Qe3 Rfd8 26. h4 Rd3 27. Qh6 Rh3 28. Ke2 Rd6 29. Rag1 a4 30. bxa4 Rb6 31. b4 Rc6 32. Rxg6+ fxg6 33. Rxg6+ Qxg6 34. Ne7+ Kf7 35. Nxg6 Rxg6 36. Qh7+ Kf6 37. Qh8+ Kf7 38. Qh7+ Kf6 39. Qxc7 Rxh4 40. Qd8+ 1-0


[Site "https://www.chess.com"]

[Event "Titled Tuesday Blitz May 03 Early 2022"]
[White "Srihari L R"]
[Black "Terry, Renato"]
[WhiteFideId "46617116"]
[BlackFideId "3803457"]
[WhiteElo "2121"]
[BlackElo "2577"]
[Result "1/2-1/2"]
[Round "07"]
[TimeControl "180+1"]
[Date "2022.05.03"]
[WhiteClock "0:00:02"]
[BlackClock "0:00:08"]

1. d4 e6 2. Nf3 Nf6 3. c4 Bb4+ 4. Bd2 Qe7 5. g3 Nc6 6. Bg2 Bxd2+ 7. Nbxd2 d6 8. O-O O-O 9. Nb1 e5 10. Nc3 Bg4 11. dxe5 dxe5 12. Nd5 Qd6 13. Nd2 Nd4 14. f3 Bh5 15. e3 Nc6 16. Nxf6+ Qxf6 17. Ne4 Qe7 18. Nc3 Qc5 19. Qe2 a5 20. Rfd1 Rad8 21. a3 f5 22. Nd5 Bf7 23. Nxc7 Bxc4 24. Qf2 Qe7 25. Rxd8 Rxd8 26. Rc1 Bd3 27. b4 axb4 28. axb4 Qxc7 29. Qa2+ Qf7 30. Qa3 e4 31. f4 Qe7 32. Qb3+ Qf7 33. Qa3 h5 34. h3 Qe7 35. Qb3+ Qf7 36. Qa3 Kh7 37. Kh2 Qe7 38. Rc5 Rf8 39. Qc3 Qf6 40. Qd2 h4 41. b5 hxg3+ 42. Kxg3 Ne7 43. Rc7 Ng6 44. Kh2 Rf7 45. b6 Rxc7 46. bxc7 Qc6 47. Qa5 Ba6 48. Qxf5 Qxc7 49. Bxe4 Qd6 50. h4 Kg8 51. Qxg6 Qxg6 52. Bxg6 b5 53. Bd3 Kf7 54. e4 Ke6 55. Kg3 Kd6 56. e5+ Kc5 57. f5 Bc8 58. f6 gxf6 59. exf6 Kd6 60. Kf4 b4 61. Bc4 Be6 62. Bxe6 Kxe6 63. Ke3 Kxf6 64. Kd3 Kg6 65. Kc4 Kh5 66. Kxb4 Kxh4 1/2-1/2


[Site "https://www.chess.com"]

[Event "Titled Tuesday Blitz May 03 Early 2022"]
[White "Stanisz, Patryk"]
[Black "Terzi, Alexei"]
[WhiteFideId "1123106"]
[BlackFideId "13505076"]
[WhiteElo "1833"]
[BlackElo "2031"]
[Result "0-1"]
[Round "07"]
[TimeControl "180+1"]
[Date "2022.05.03"]
[WhiteClock "0:00:01"]
[BlackClock "0:00:44"]

1. d4 Nf6 2. c4 c5 3. d5 b5 4. cxb5 a6 5. b6 d6 6. Nc3 Nbd7 7. e3 Nxb6 8. Nf3 g6 9. Be2 Bg7 10. O-O O-O 11. a4 Bb7 12. e4 e6 13. a5 Nc8 14. Bf4 exd5 15. exd5 Ne7 16. Bc4 Qd7 17. h3 Rfe8 18. Qd2 Nf5 19. Rfe1 h5 20. Qd3 Rxe1+ 21. Rxe1 Ne8 22. Na4 Qxa4 23. b3 Qd7 24. Re2 Nc7 25. Bg5 Re8 26. Re4 Rxe4 27. Qxe4 Qe8 28. Qd3 Nd4 29. Nd2 Qe1+ 30. Kh2 Qxf2 31. Ne4 Be5+ 32. Kh1 Qe1+ 33. Qf1 Qxe4 34. Kg1 Nf5 35. Bc1 Bd4+ 0-1


[Site "https://www.chess.com"]

[Event "Titled Tuesday Blitz May 03 Early 2022"]
[White "Stevens, Christian"]
[Black "Cherniaiev, Tykhon"]
[WhiteFideId "2604450"]
[BlackFideId "14182360"]
[WhiteElo "2517"]
[BlackElo "2707"]
[Result "0-1"]
[Round "07"]
[TimeControl "180+1"]
[Date "2022.05.03"]
[WhiteClock "0:00:02"]
[BlackClock "0:01:23"]

1. e4 c5 2. Nf3 e6 3. d4 cxd4 4. Nxd4 a6 5. Bd3 Bc5 6. Nb3 Ba7 7. Qg4 Nf6 8. Qg3 Nc6 9. Be3 Bxe3 10. Qxe3 d5 11. N1d2 O-O 12. O-O-O d4 13. Qg3 e5 14. Kb1 Be6 15. f3 Qe7 16. Qh4 a5 17. a3 a4 18. Nc1 Rfb8 19. g4 b5 20. g5 Nd7 21. f4 b4 22. f5 bxa3 23. f6 Rxb2+ 24. Ka1 Qb4 25. Rhf1 Ra2+ 0-1


[Site "https://www.chess.com"]

[Event "Titled Tuesday Blitz May 03 Early 2022"]
[White "Stribuk, Artiom"]
[Black "Barp, Alberto"]
[WhiteFideId "13515659"]
[BlackFideId "872555"]
[WhiteElo "2259"]
[BlackElo "2229"]
[Result "1-0"]
[Round "07"]
[TimeControl "180+1"]
[Date "2022.05.03"]
[WhiteClock "0:00:11"]
[BlackClock "0:00:14"]

1. d4 Nf6 2. c4 e6 3. Nc3 Bb4 4. Qc2 d5 5. a3 Bxc3+ 6. Qxc3 c5 7. dxc5 d4 8. Qg3 Nc6 9. Nf3 O-O 10. Qd6 Qa5+ 11. Bd2 Qa4 12. e3 Ne4 13. Qf4 Nxd2 14. Nxd2 e5 15. Qe4 Qa5 16. Bd3 g6 17. Qf3 Re8 18. Rd1 f5 19. O-O e4 20. Bxe4 fxe4 21. Nxe4 Rf8 22. Qg3 Bf5 23. Nd6 Bc2 24. Rxd4 Nxd4 25. exd4 Qc7 26. Qe5 Bf5 27. h3 Rad8 28. Re1 b6 29. b4 bxc5 30. dxc5 Rd7 31. Qd5+ Kg7 32. Re5 h5 33. b5 Qd8 34. a4 Qf6 35. Re2 Kh7 36. a5 h4 37. b6 axb6 38. axb6 Qg5 39. Kh2 Qf4+ 40. g3 hxg3+ 41. fxg3 Qh6 42. Qg2 Qc1 43. b7 Qb1 44. Rb2 Qd1 45. b8=Q Rxb8 46. Rxb8 Re7 47. Rb2 Qd4 48. Nxf5 gxf5 49. Rf2 Qxc5 50. Qf3 Kg6 51. h4 Re3 52. Qf4 Re5 53. Qg5+ Kf7 54. Rg2 Qxc4 55. Rd2 Re2+ 56. Rxe2 Qxe2+ 57. Kg1 Ke6 58. Qf4 Qe1+ 59. Kg2 Qe2+ 60. Qf2 Qe4+ 61. Qf3 Qc2+ 62. Qf2 Qe4+ 63. Kh2 Qg4 64. Qe3+ Kd5 65. Qd2+ Ke4 66. Qf2 Kd3 67. Kg2 Ke4 68. Qd2 Qf3+ 69. Kh2 Qf1 70. Qg2+ Qxg2+ 71. Kxg2 f4 72. g4 f3+ 73. Kf2 Kf4 74. g5 Kf5 75. Kxf3 Kg6 76. Kg4 1-0


[Site "https://www.chess.com"]

[Event "Titled Tuesday Blitz May 03 Early 2022"]
[White "Suarez Uriel, Adrian"]
[Black "Coto Mederos, Michel"]
[WhiteFideId "22230874"]
[BlackFideId "3508528"]
[WhiteElo "2316"]
[BlackElo "2427"]
[Result "0-1"]
[Round "07"]
[TimeControl "180+1"]
[Date "2022.05.03"]
[WhiteClock "0:01:31"]
[BlackClock "0:00:21"]

1. e4 e5 2. Nf3 Nf6 3. d3 Nc6 4. Be2 Bc5 5. O-O d6 6. c3 a6 7. a4 h6 8. Nbd2 O-O 9. h3 Bb6 10. Re1 Ne7 11. Nf1 Ng6 12. Ng3 Be6 13. d4 c6 14. Qc2 Qc7 15. Be3 Rad8 16. b4 c5 17. bxc5 dxc5 18. d5 Bc8 19. Rab1 Ba7 20. Nd2 Ne8 21. Bh5 Nf4 22. Bg4 Nd6 23. Bxc8 Qxc8 24. a5 Bb8 25. Nf5 Nxf5 26. exf5 Nxd5 27. Nc4 Rfe8 28. Qe4 Nxc3 29. Qg4 Nxb1 30. Bxh6 g6 31. Nb6 Qxf5 32. Qxf5 gxf5 33. Rxb1 f4 34. Rc1 Bd6 35. Nc4 f6 36. g4 Kh7 37. g5 fxg5 38. Bxg5 Rg8 39. h4 Be7 40. Kg2 Bxg5 41. hxg5 Rxg5+ 42. Kf3 Rd3+ 43. Ke4 Rd4+ 44. Kf3 Kg6 45. Rc2 Kf5 46. Nd2 e4+ 47. Nxe4 Rxe4 48. Rxc5+ Re5 49. Rc4 Rxa5 50. Rxf4+ Kg6 51. Rb4 0-1


[Site "https://www.chess.com"]

[Event "Titled Tuesday Blitz May 03 Early 2022"]
[White "Sychev, Klementy"]
[Black "Svane, Rasmus"]
[WhiteFideId "4114060"]
[BlackFideId "4657101"]
[WhiteElo "2564"]
[BlackElo "2645"]
[Result "1-0"]
[Round "07"]
[TimeControl "180+1"]
[Date "2022.05.03"]
[WhiteClock "0:01:12"]
[BlackClock "0:00:06"]

1. e4 c6 2. Nf3 d5 3. d3 dxe4 4. dxe4 Qxd1+ 5. Kxd1 Nf6 6. Nfd2 h5 7. f3 h4 8. Nc4 Be6 9. Be3 g6 10. Nbd2 Bh6 11. Bf2 Na6 12. c3 h3 13. g3 Nc7 14. Kc2 b6 15. a4 c5 16. a5 b5 17. Ne5 c4 18. Be2 a6 19. Rhd1 Bc8 20. Nc6 Bb7 21. Nb4 Nd7 22. b3 cxb3+ 23. Nxb3 Rc8 24. Rxd7 Bxe4+ 25. fxe4 Kxd7 26. Nc5+ Ke8 27. Nbxa6 Nxa6 28. Bxb5+ Kf8 29. Bxa6 Rc7 30. Bb7 Kg7 31. a6 Bg5 32. a7 Bf6 33. a8=Q Rxa8 34. Rxa8 Be5 35. Bd4 Bxd4 36. cxd4 e5 37. Rc8 Rxc8 38. Bxc8 exd4 39. Bxh3 1-0


[Site "https://www.chess.com"]

[Event "Titled Tuesday Blitz May 03 Early 2022"]
[White "Sztokbant, Bernardo Vainzoff"]
[Black "Tasev, Dejan"]
[WhiteFideId "2115956"]
[BlackFideId "936618"]
[WhiteElo "2225"]
[BlackElo "2253"]
[Result "0-1"]
[Round "07"]
[TimeControl "180+1"]
[Date "2022.05.03"]
[WhiteClock "0:00:02"]
[BlackClock "0:00:25"]

1. Nf3 Nf6 2. b3 g6 3. Bb2 Bg7 4. d4 O-O 5. e3 b6 6. Be2 Bb7 7. O-O e6 8. c4 d6 9. Nc3 Nbd7 10. Rc1 a6 11. Nd2 c5 12. Bf3 Qc7 13. Bxb7 Qxb7 14. Qf3 Qc7 15. Rfd1 Rad8 16. Nce4 Nxe4 17. Nxe4 Nb8 18. Bc3 f5 19. Ng5 Qe7 20. Nh3 e5 21. dxe5 dxe5 22. e4 f4 23. Rd5 Nc6 24. Rcd1 Nd4 25. Bxd4 cxd4 26. Qg4 Rd6 27. Rxd6 Qxd6 28. Ng5 Re8 29. h4 h5 30. Qh3 Bf6 31. Nf3 Qe6 32. Qxe6+ Rxe6 33. Ne1 Bxh4 34. Nd3 Be7 35. Kf1 g5 36. Ke2 Kg7 37. b4 g4 38. c5 bxc5 39. bxc5 Rc6 40. Rb1 Kf6 41. g3 f3+ 42. Kd1 Ke6 43. Rb8 Bxc5 44. Rh8 Be7 45. Rxh5 Bf6 46. Rh7 Rc3 47. Nc1 Bg5 48. Nb3 Be3 49. Ra7 Bxf2 50. Rxa6+ Kf7 51. Ra7+ Kg6 52. Ra6+ Kg5 53. Re6 Bxg3 54. Nd2 Bf4 55. a4 Rd3 56. Rg6+ Kxg6 0-1


[Site "https://www.chess.com"]

[Event "Titled Tuesday Blitz May 03 Early 2022"]
[White "Tanenbaum, Zachary"]
[Black "Tan, Jun Ying"]
[WhiteFideId "2060850"]
[BlackFideId "5710413"]
[WhiteElo "2716"]
[BlackElo "2559"]
[Result "1-0"]
[Round "07"]
[TimeControl "180+1"]
[Date "2022.05.03"]
[WhiteClock "0:00:19"]
[BlackClock "0:01:24"]

1. e4 c5 2. Nf3 Nc6 3. Nc3 d6 4. d4 cxd4 5. Nxd4 Nf6 6. Bg5 e6 7. Bb5 Bd7 8. Qd3 Be7 9. O-O-O h6 10. Bh4 O-O 11. Bxc6 Bxc6 12. Nxc6 bxc6 13. Bxf6 Bxf6 14. Qxd6 Qb6 15. Qg3 Rab8 16. b3 Qb4 17. Kb2 Bd4 18. Rd3 c5 19. Rhd1 a5 20. a3 Qb6 21. Ka2 Rfc8 22. Ne2 c4 23. Rxd4 cxb3+ 24. Qxb3 Qc5 25. Rc4 Qxc4 26. Rd8+ Kh7 27. Qxc4 Rxc4 28. Rxb8 Rxc2+ 29. Rb2 Rc4 30. Ng3 Kg6 31. Kb3 Rd4 32. Kc3 Ra4 33. Rb3 h5 34. f3 h4 35. Nf1 Kg5 36. Ne3 Kf4 37. Nd1 e5 38. Nb2 Rd4 39. Nd3+ Ke3 40. Nxe5 Rd1 41. Ng4+ Ke2 42. Rb2+ Ke1 43. Rb5 a4 44. Ra5 Rd2 45. Rb5 Rxg2 46. Rb1+ Ke2 47. Rb2+ Kxf3 48. Ne5+ Kxe4 49. Rxg2 Kxe5 50. Rxg7 f5 51. Ra7 1-0


[Site "https://www.chess.com"]